 Dungeon Sprint DCSS version 0.27-a0-1101-ge311f74bc8 (webtiles) character file.

Game seed: 12979894110301261025

9900000 HendSelp the Archmage (level 27, -25/189 (228) HPs)
             Began as a Djinni Warper on Apr 28, 2021.
             Was the Champion of Makhleb.
             Killed from afar by a wretched soul (125 damage)
             ... with a bolt of negative energy
             ... in the Dungeon (Sprint VIII: "Arena of Blood").
             The game lasted 00:03:55 (99 turns).

HendSelp the Archmage (Djinni Warper)                 Turns: 99, Time: 00:03:56

HP:   -25/189 (228) AC:  6    Str: 19    XL:     27
Gold: 0             EV: 27    Int: 17    God:    Makhleb [******] SH:  0 Dex: 15

rFire    + + .     SeeInvis .   c - +∞ Axe of Woe
rCold    x . .     Faith    .   (shield currently unavailable)
rNeg     . . .     Spirit   .   b - +0 leather armour
rPois    ∞         Reflect  .   (no helmet)
rElec    .         Harm     .   (no cloak)
rCorr    .         Rampage  .   (no gloves)
Will     ++...     NoTele   +   (boots unavailable)
Stlth    +++++++++.             (no amulet)
HPRegen  0.41/turn              (no ring)
MPRegen  0.00/turn              (no ring)

@: flying, heavily drained
A: fire resistance 2, cold vulnerability 1, float, innate caster, hp casting,
extra vitality 1
a: Renounce Religion, Minor Destruction, Lesser Servant of Makhleb, Major
Destruction, Greater Servant of Makhleb


You were in the Dungeon.
You worshipped Makhleb.
Makhleb was exalted by your worship.
You visited 1 branch

Inventory:

Hand Weapons
 a - a +0 hand axe
 c - the +∞ Axe of Woe (weapon)
   (You found it in the Dungeon)
Missiles
 e - 5 boomerangs of dispersal
Armour
 b - a +0 leather armour (worn)
Scrolls
 d - 2 scrolls of blinking
Potions
 f - a potion of curing
 g - a potion of heal wounds
 h - a potion of haste
 i - a potion of berserk rage


   Skills:
 O Level 27 Fighting
 O Level 27 Short Blades
 O Level 27 Long Blades
 O Level 27 Axes
 O Level 27 Maces & Flails
 O Level 27 Polearms
 O Level 27 Staves
 O Level 27 Slings
 O Level 27 Bows
 O Level 27 Crossbows
 O Level 27 Throwing
 O Level 27 Armour
 O Level 27 Dodging
 O Level 27 Stealth
 O Level 27 Shields
 O Level 27 Unarmed Combat
 O Level 27 Spellcasting
 O Level 27 Invocations
 O Level 27 Evocations


You couldn't memorise any spells.
You knew the following spells:

 Your Spells              Type           Power      Damage    Failure   Level
a - Blink                 Tloc           N/A        N/A       0%          2
b - Lesser Beckoning      Tloc           43%        N/A       0%          3
c - Gell's Gravitas       Tloc           43%        N/A       0%          3
d - Teleport Other        Tloc           86%        N/A       0%          3
e - Manifold Assault      Tloc           86%        N/A       0%          5
f - Shock                 Conj/Air       100%       1d9       0%          1
g - Searing Ray           Conj           100%       3d7       0%          2
h - Conjure Flame         Conj/Fire      86%        6-21      0%          3
i - Animate Armour        Summ/Erth      100%       N/A       0%          4
j - Sticky Flame          Conj/Fire      86%        2d10      0%          4
k - Agony                 Necr           86%        N/A       0%          5
l - Death Channel         Necr           43%        N/A       0%          6
m - Starburst             Conj/Fire      43%        8x6d12    0%          6
n - Haunt                 Necr/Summ      43%        N/A       1%          7
o - Summon Hydra          Summ           43%        N/A       1%          7
p - Chain Lightning       Conj/Air       43%        N/A       1%          8
q - Discord               Hex            43%        N/A       1%          8
r - Tornado               Air            43%        N/A       2%          9
Your spell library was empty.

Dungeon Overview and Level Annotations

Branches:
Dungeon (1/1)

Altars:
Makhleb

Annotations:
D The Defiler, The Servant


Innate Abilities, Weirdness & Mutations

You are immune to poison.
Your flesh is very heat resistant. (rF++)
You are vulnerable to cold. (rC-)
You float through the air rather than walking.
You learn spells naturally, not from books.
Your magical power is your life essence.
You have superior vitality. (+4 HP)


Message History

Unknown command.
Unknown command.
You hit the accursed but do no damage.
You fatally mangle the accursed.
You destroy the accursed!
Makhleb accepts your kill.
You feel better.
You slash the large abomination!
You cleave the large abomination in twain.
You destroy the large abomination!
You hit the bag of meat but do no damage.
You chop the bag of meat into pieces.
You kill the bag of meat!
Makhleb accepts your kill.
You feel better.
You feel extremely nervous for a moment...
You are engulfed in negative energy!
You feel dopey.
You are engulfed in blazing flames.
You resist.
You hear a shout!
A tyrant comes into view.
An eight-headed meat hydra comes into view.
You feel your intelligence returning.
Unknown command.
Unknown command.
You slash the bag of meat!
You slaughter the bag of meat joyfully.
You blow up the bag of meat!
Makhleb accepts your kill.
You feel better.
You hit the tentacled monstrosity.
You fatally mangle the tentacled monstrosity.
You kill the tentacled monstrosity!
You hear a shout!
Edmund the Younger comes into view.
He is wielding a +9 vorpal demon whip.
A bag of meat comes into view. It is wielding a +9 war axe.
A bolt of negative energy appears from out of thin air!
The bolt of negative energy hits the tentacled monstrosity.
The tentacled monstrosity completely resists.
Deactivating autopickup; reactivate with Ctrl-A.
The bolt of negative energy hits you!!!!
You feel drained.
Ouch! That really hurt!
You die...

)) ...)) #)
...# #)) §))# .
§###.) °))###).
)))))D###...)))
.o)o)._.))))
#))○○.# #_)@)☼#
#o))☼X#
.W..XM_)@.{o
)).)..###○.).L.
)###.D °))###).
#.) °))# X #.
..)# )) ..X@)


You could see an accursed, a tentacled monstrosity (summoned), a tyrant (fast),
The Servant, 2 eight-headed meat hydras, a large abomination (summoned), The
Defiler (wandering), a dread and 4 bags of meat.

Vanquished Creatures
  Sigmund (D)
  5 hell beasts (D)
  6 royal mummies (D)
  A great orb of eyes (D)
  5 wraiths (D)
  28 vampire knights (D)
  51 ogres (D)
  13 two-headed ogres (D)
  8 liches (D)
  A hydra (D)
  118 orcs (D)
  3 phantoms (D)
  10 skeletal warriors (D)
250 creatures vanquished.

Vanquished Creatures (collateral kills)
  An ogre (D)
  An orc (D)
2 creatures vanquished.

Vanquished Creatures (others)
  2 ogres (D)
  A two-headed ogre (D)
  2 orcs (D)
5 creatures vanquished.

Grand Total: 257 creatures vanquished

Notes
Turn   | Place    | Note
-------+----------+-------------------------------------------
     0 | D        | Found the +∞ Axe of Woe
     0 | D        | HendSelp the Djinni Warper began the quest for the Orb.
     0 | D        | Reached XP level 1. HP: 18/18 MP: 0/0
     0 | D        | Noticed a bag of meat
     2 | D        | Noticed a bag of meat
     2 | D        | Noticed a bag of meat
     3 | D        | Noticed a bag of meat
     4 | D        | Became a worshipper of Makhleb the Destroyer
     4 | D        | Noticed a bag of meat
     4 | D        | Noticed a bag of meat
     5 | D        | Noticed a bag of meat
     6 | D        | Killed a bag of meat
     6 | D        | Killed a bag of meat
     6 | D        | Reached * piety under Makhleb
     6 | D        | Noticed a bag of meat
     7 | D        | Reached XP level 2. HP: 39/39 MP: 0/0
     7 | D        | Reached XP level 3. HP: 44/44 MP: 0/0
     7 | D        | Learned a level 1 spell: Shock
     7 | D        | Reached XP level 4. HP: 50/50 MP: 0/0
     7 | D        | Reached XP level 5. HP: 56/56 MP: 0/0
     7 | D        | Learned a level 2 spell: Searing Ray
     7 | D        | Reached XP level 6. HP: 62/62 MP: 0/0
     7 | D        | Reached XP level 7. HP: 67/67 MP: 0/0
     7 | D        | Learned a level 3 spell: Conjure Flame
     7 | D        | Reached XP level 8. HP: 74/74 MP: 0/0
     7 | D        | Reached XP level 9. HP: 79/79 MP: 0/0
     7 | D        | Learned a level 4 spell: Animate Armour
     7 | D        | Reached XP level 10. HP: 85/85 MP: 0/0
     7 | D        | Reached XP level 11. HP: 90/90 MP: 0/0
     7 | D        | Learned a level 4 spell: Sticky Flame
     7 | D        | Reached XP level 12. HP: 96/96 MP: 0/0
     7 | D        | Reached XP level 13. HP: 102/102 MP: 0/0
     7 | D        | Learned a level 5 spell: Agony
     7 | D        | Noticed a meat berserker
     7 | D        | Noticed a bag of meat
     8 | D        | Killed a bag of meat
     8 | D        | Killed a bag of meat
     9 | D        | Reached skill level 15 in Fighting
     9 | D        | Reached XP level 14. HP: 74/114 MP: 0/0
     9 | D        | Killed a bag of meat
     9 | D        | Reached ** piety under Makhleb
     9 | D        | Noticed a bag of meat
    10 | D        | Reached skill level 15 in Axes
    10 | D        | Reached skill level 15 in Dodging
    10 | D        | Reached XP level 15. HP: 109/121 MP: 0/0
    10 | D        | Learned a level 6 spell: Death Channel
    11 | D        | Killed a meat berserker
    11 | D        | Reached *** piety under Makhleb
    11 | D        | Noticed a meat berserker
    12 | D        | Reached skill level 5 in Throwing
    12 | D        | Reached skill level 5 in Armour
    12 | D        | Reached skill level 27 in Spellcasting
    12 | D        | Reached XP level 16. HP: 66/136 MP: 0/0
    14 | D        | Reached XP level 17. HP: 98/145 MP: 0/0
    14 | D        | Learned a level 6 spell: Starburst
    14 | D        | Reached **** piety under Makhleb
    14 | D        | Killed a meat berserker
    14 | D        | Noticed a meat berserker
    15 | D        | Reached XP level 18. HP: 163/163 MP: 0/0
    15 | D        | Killed a meat berserker
    15 | D        | Reached ***** piety under Makhleb
    16 | D        | Reached skill level 27 in Fighting
    16 | D        | Reached skill level 27 in Axes
    16 | D        | Reached XP level 19. HP: 174/174 MP: 0/0
    16 | D        | Learned a level 7 spell: Haunt
    16 | D        | Noticed a meat berserker
    17 | D        | Killed a meat berserker
    17 | D        | Noticed a meat berserker
    18 | D        | Reached skill level 15 in Throwing
    18 | D        | Reached skill level 27 in Dodging
    18 | D        | Killed a meat berserker
    18 | D        | Noticed a meat berserker
    19 | D        | Reached XP level 20. HP: 176/181 MP: 0/0
    19 | D        | Killed a meat berserker
    19 | D        | Noticed a large bag of meat
    20 | D        | Killed a large bag of meat
    20 | D        | Noticed a meat berserker
    21 | D        | Killed a meat berserker
    22 | D        | Reached skill level 27 in Throwing
    22 | D        | Reached XP level 21. HP: 185/187 MP: 0/0
    22 | D        | Learned a level 7 spell: Summon Hydra
    22 | D        | Reached ****** piety under Makhleb
    22 | D        | Noticed a destroyer
    22 | D        | Noticed a meat berserker
    22 | D        | Noticed a large bag of meat
    23 | D        | Reached skill level 27 in Armour
    23 | D        | Killed a destroyer
    23 | D        | Killed a large bag of meat
    23 | D        | Noticed a destroyer
    24 | D        | Reached skill level 10 in Short Blades
    24 | D        | Reached skill level 10 in Long Blades
    24 | D        | Reached skill level 10 in Staves
    24 | D        | Reached skill level 10 in Stealth
    24 | D        | Reached skill level 10 in Shields
    24 | D        | Reached skill level 10 in Unarmed Combat
    24 | D        | Reached skill level 10 in Invocations
    24 | D        | Reached skill level 10 in Evocations
    24 | D        | Reached XP level 22. HP: 191/194 MP: 0/0
    26 | D        | Reached XP level 23. HP: 200/201 MP: 0/0
    26 | D        | Learned a level 8 spell: Chain Lightning
    26 | D        | Killed a destroyer
    27 | D        | Reached skill level 15 in Short Blades
    27 | D        | Reached skill level 15 in Long Blades
    27 | D        | Reached skill level 15 in Staves
    27 | D        | Reached skill level 15 in Stealth
    27 | D        | Reached skill level 15 in Shields
    27 | D        | Reached skill level 15 in Unarmed Combat
    27 | D        | Reached skill level 15 in Invocations
    27 | D        | Reached skill level 15 in Evocations
    27 | D        | Reached XP level 24. HP: 205/208 MP: 0/0
    28 | D        | Noticed a destroyer
    29 | D        | Reached skill level 15 in Maces & Flails
    29 | D        | Reached skill level 15 in Polearms
    29 | D        | Reached skill level 15 in Slings
    29 | D        | Reached skill level 15 in Bows
    29 | D        | Reached skill level 15 in Crossbows
    29 | D        | Killed a destroyer
    30 | D        | Reached XP level 25. HP: 210/214 MP: 0/0
    30 | D        | Learned a level 8 spell: Discord
    30 | D        | Noticed a destroyer
    31 | D        | Killed a destroyer
    32 | D        | Reached XP level 26. HP: 218/221 MP: 0/0
    33 | D        | Noticed a large bag of meat
    33 | D        | Noticed a large bag of meat
    34 | D        | Killed a large bag of meat
    34 | D        | Killed a large bag of meat
    35 | D        | Reached XP level 27. HP: 228/228 MP: 0/0
    35 | D        | Learned a level 9 spell: Tornado
    36 | D        | Noticed a destroyer
    37 | D        | Killed a destroyer
    37 | D        | Noticed a destroyer
    38 | D        | Killed a destroyer
    40 | D        | Reached skill level 27 in Shields
    40 | D        | Reached skill level 27 in Unarmed Combat
    40 | D        | Reached skill level 27 in Invocations
    40 | D        | Reached skill level 27 in Evocations
    40 | D        | Noticed a destroyer
    40 | D        | Killed a destroyer
    40 | D        | Noticed a large bag of meat
    41 | D        | Reached skill level 27 in Short Blades
    41 | D        | Reached skill level 27 in Long Blades
    41 | D        | Reached skill level 27 in Maces & Flails
    41 | D        | Reached skill level 27 in Polearms
    41 | D        | Reached skill level 27 in Staves
    41 | D        | Reached skill level 27 in Slings
    41 | D        | Reached skill level 27 in Bows
    41 | D        | Reached skill level 27 in Crossbows
    41 | D        | Reached skill level 27 in Stealth
    41 | D        | Noticed a large bag of meat
    41 | D        | Noticed a large bag of meat
    42 | D        | Noticed a destroyer
    42 | D        | Killed a large bag of meat
    42 | D        | Killed a destroyer
    42 | D        | Noticed a large bag of meat
    43 | D        | Killed a large bag of meat
    44 | D        | Killed a large bag of meat
    45 | D        | Noticed a destroyer
    45 | D        | Killed a destroyer
    45 | D        | Killed a large bag of meat
    46 | D        | Noticed a destroyer
    47 | D        | Killed a destroyer
    48 | D        | Noticed a destroyer
    48 | D        | Noticed a tyrant
    48 | D        | Noticed a destroyer
    49 | D        | Killed a destroyer
    49 | D        | Noticed a destroyer
    50 | D        | Killed a destroyer
    50 | D        | Killed a tyrant
    50 | D        | Killed a destroyer
    50 | D        | Noticed a large bag of meat
    50 | D        | Noticed a destroyer
    51 | D        | Noticed a large bag of meat
    51 | D        | Noticed an accursed
    51 | D        | Noticed a destroyer
    52 | D        | Noticed a destroyer
    52 | D        | Killed a destroyer
    52 | D        | Killed a destroyer
    52 | D        | Noticed a destroyer
    53 | D        | Noticed a destroyer
    53 | D        | Killed an accursed
    53 | D        | Noticed a destroyer
    54 | D        | Killed a large bag of meat
    55 | D        | Noticed a destroyer
    55 | D        | Noticed a destroyer
    56 | D        | Killed a destroyer
    56 | D        | Killed a large bag of meat
    57 | D        | Killed a destroyer
    57 | D        | Killed a destroyer
    57 | D        | Killed a destroyer
    57 | D        | Noticed a large bag of meat
    60 | D        | Killed a destroyer
    60 | D        | Noticed an accursed
    60 | D        | Noticed a large bag of meat
    60 | D        | Noticed a tyrant
    61 | D        | Noticed a destroyer
    61 | D        | Noticed a tyrant
    62 | D        | Noticed a destroyer
    62 | D        | Noticed a large bag of meat
    62 | D        | Noticed a destroyer
    62 | D        | Noticed a destroyer
    62 | D        | Noticed a destroyer
    63 | D        | Killed a destroyer
    63 | D        | Killed a destroyer
    63 | D        | Noticed an accursed
    64 | D        | Killed a destroyer
    65 | D        | Killed a large bag of meat
    66 | D        | Killed a tyrant
    66 | D        | Killed an accursed
    66 | D        | Noticed a dread
    66 | D        | Noticed a dread
    67 | D        | Noticed a tyrant
    69 | D        | Killed a destroyer
    70 | D        | Killed a destroyer
    70 | D        | Noticed an accursed
    71 | D        | Noticed a meat beast
    71 | D        | Noticed a destroyer
    71 | D        | Noticed The Captor
    72 | D        | Killed a dread
    74 | D        | Noticed a tyrant
    75 | D        | Killed a meat beast
    76 | D        | Noticed a meat beast
    77 | D        | Killed a large bag of meat
    77 | D        | Noticed an accursed
    78 | D        | Noticed a tyrant
    78 | D        | Noticed a tyrant
    79 | D        | Noticed a tyrant
    79 | D        | Killed an accursed
    79 | D        | Noticed an accursed
    80 | D        | Killed a destroyer
    81 | D        | Killed a large bag of meat
    81 | D        | Noticed a dread
    81 | D        | Noticed a dread
    82 | D        | Killed a destroyer
    82 | D        | Noticed a meat beast
    82 | D        | Noticed The Servant
    83 | D        | Noticed a dread
    83 | D        | Noticed a meat beast
    84 | D        | Noticed a meat beast
    85 | D        | Killed a tyrant
    85 | D        | Killed an accursed
    87 | D        | Killed a meat beast
    87 | D        | Killed The Captor
    87 | D        | Noticed a destroyer
    87 | D        | Noticed an accursed
    88 | D        | Killed a dread
    88 | D        | Killed a meat beast
    89 | D        | Noticed an accursed
    89 | D        | Killed a tyrant
    89 | D        | Noticed a tyrant
    90 | D        | Killed a meat beast
    90 | D        | Noticed an accursed
    91 | D        | Killed a tyrant
    91 | D        | Noticed a dread
    92 | D        | Killed a tyrant
    92 | D        | Killed a tyrant
    92 | D        | Noticed a large bag of meat
    93 | D        | Killed a meat beast
    93 | D        | Killed a tyrant
    94 | D        | Killed a destroyer
    95 | D        | Killed a dread
    95 | D        | Noticed a dread
    96 | D        | Killed an accursed
    96 | D        | Killed a dread
    96 | D        | Killed a large bag of meat
    97 | D        | Killed a dread
    98 | D        | Killed an accursed
    98 | D        | Noticed a tyrant
    99 | D        | Noticed The Defiler
    99 | D        | Killed from afar by a wretched soul

Illustrated notes

Levels and vault maps discovered:
D:        meatsprint

Skill      XL: |  1  2  3  4  5  6  7  8  9 10 11 12 13 14 15 16 17 18 19 20 21 22 23 24 25 26 27 |
---------------+----------------------------------------------------------------------------------+-----
Fighting       | 12 15 19 20 25 27 | 27.0
Axes           | 11 14 15 19 20 26 27 | 27.0
Throwing       | 2 3 4 5 7 11 19 27 | 27.0
Armour         | 3 4 5 6 7 9 17 25 27 | 27.0
Dodging        | 12 14 15 17 18 20 24 27 | 27.0
Spellcasting   | 20 23 24 27 | 27.0
Short Blades   | 10 13 15 18 19 22 27 | 27.0
Long Blades    | 10 13 15 18 19 22 27 | 27.0
Maces & Flails | 9 12 14 17 18 21 27 | 27.0
Polearms       | 9 12 14 17 18 21 27 | 27.0
Staves         | 10 13 15 18 19 22 27 | 27.0
Slings         | 9 12 14 17 18 21 27 | 27.0
Bows           | 9 12 14 17 18 21 27 | 27.0
Crossbows      | 9 12 14 17 18 21 27 | 27.0
Stealth        | 10 13 15 18 19 22 27 | 27.0
Shields        | 10 13 15 18 20 22 27 | 27.0
Unarmed Combat | 10 13 15 18 20 22 27 | 27.0
Invocations    | 10 13 15 18 20 22 27 | 27.0
Evocations     | 10 13 15 18 20 22 27 | 27.0

Action                   |  1- 3 |  4- 6 |  7- 9 | 10-12 | 13-15 | 16-18 | 19-21 | 22-24 | 25-27 || total
-------------------------+-------+-------+-------+-------+-------+-------+-------+-------+-------++-------
Melee: Executioner's axe |     1 |       |       |       |     4 |     7 |    10 |    14 |   172 ||   208
 Cast: Manifold Assault  |       |       |       |       |       |     2 |     7 |     5 |    40 ||    54
       Death Channel     |       |       |       |       |       |       |       |     1 |       ||     1
Armor: Leather armour    |       |       |       |       |       |       |       |       |     3 ||     3
Dodge: Dodged            |       |       |       |       |       |       |       |       |     3 ||     3

Table legend: (Time is in decaauts)
 A = Elapsed time spent in this place.
 B = Non-inter-level travel time spent in this place.
 C = Inter-level travel time spent in this place.
 D = Time resting spent in this place.
 E = Time spent auto-exploring this place.
 F = Levels seen in this place.
 G = Mean time per level.
                   A        B        C        D        E       F      G
               +--------+--------+--------+--------+--------+-----+--------+
         Total |     76 |     76 |      0 |      0 |      0 |   1 |   76.0 |
       Dungeon |     76 |     76 |      0 |      0 |      0 |   1 |   76.0 |
               +--------+--------+--------+--------+--------+-----+--------+

Top non-repeatable levels by time:
       D: 76 daAuts
